 Dungeon Sprint DCSS version 0.29-a0-352-g0917bc69df (webtiles) character file.

Game seed: 12666137661444413262

28889 mhtbhm the Slayer (level 13, -13/135 HPs)
             Began as a Minotaur Berserker on Apr 23, 2022.
             Was a High Priest of Trog.
             Mangled by Tiamat
             ... wielding a +2 demon trident of venom
              (17 damage)
             ... in the Dungeon (Sprint I: "Red Sonja").
             The game lasted 00:14:47 (6222 turns).

mhtbhm the Slayer (Minotaur Berserker)              Turns: 6222, Time: 00:14:48

Health: -13/135    AC: 34    Str: 27    XL:     13   Next: 12%
Magic:  12/12      EV: 10    Int:  0    God:    Trog [*****.]
Gold:   2472       SH:  4    Dex: 10    Spells: 12/12 levels left

rFire   + + .      SeeInvis .   a - +5 trident (vorpal)
rCold   + + .      Faith    .   x - +0 buckler {AC+3}
rNeg    . . .      Spirit   .   b - +1 gold dragon scales
rPois   +          Reflect  .   (helmet restricted)
rElec   +          Harm     .   u - +0 cloak
rCorr   +          Rampage  +   (no gloves)
Will    .....      NoTele   +   s - +1 pair of boots {rampage}
Stlth   ..........              q - amulet of the acrobat
HPRegen 0.32/turn               v - ring of flight
MPRegen 0.13/turn               r - +4 ring of slaying

@: lethally poisoned (-13 -> -16), resistant, on berserk cooldown, flying,
hasted and slowed, lost intelligence, unable to read
A: horns 2, retaliatory headbutt, beak, talons 1, iridescent scales 1, dopey 2,
frail 1, evolution 1
a: Renounce Religion, Berserk, Trog's Hand, Brothers in Arms


You were in the Dungeon.
You worshipped Trog.
Trog was extremely pleased with you.
You visited 1 branch You collected 6069 gold pieces.
You spent 3597 gold pieces at shops.

Inventory:

Hand Weapons
 a - a +5 vorpal trident (weapon)
 n - a +3 glaive of flaming
 y - a +4 long sword of holy wrath
 z - a +1 vorpal bardiche
Missiles
 m - 3 curare-tipped darts (quivered)
 B - 3 atropa-tipped darts
Armour
 b - +1 gold dragon scales (worn)
 s - a +1 pair of boots of rampaging (worn)
 u - a +0 cloak (worn)
 x - a +0 buckler of protection (worn)
 D - the +1 pair of boots "Ziemn" {rElec rN+ Str-5}
   (You found it in the Dungeon)

   Str:       It affects your strength (-5).
   rElec:     It insulates you from electricity.
   rN:        It protects you from negative energy.
Jewellery
 o - a ring of fire
 q - an amulet of the acrobat (around neck)
 r - a +4 ring of slaying (right hand)
 v - a ring of flight (left hand)
 C - a +6 ring of strength
 E - a ring of willpower
 F - a ring of see invisible
 I - a +6 ring of dexterity
Wands
 i - a wand of digging (3)
 j - a wand of paralysis (18)
 k - a wand of acid (13)
Scrolls
 h - 2 scrolls of blinking
 p - 4 scrolls of identify
 A - a scroll of fog {unknown}
 G - a scroll of enchant weapon
 J - a scroll of fear {unknown}
 K - a scroll of amnesia {unknown}
 L - a scroll of acquirement
 M - a scroll of enchant armour
 N - a scroll of holy word
Potions
 c - 5 potions of curing
 d - 5 potions of heal wounds
 e - a potion of haste
 f - 2 potions of magic
 g - a potion of berserk rage
 l - a potion of resistance
 w - a potion of attraction
 H - 2 potions of might
Miscellaneous
 t - a tin of tremorstones (2/2)


   Skills:
 + Level 23.9 Fighting
 + Level 21.2 Polearms
 + Level 1.1 Throwing
 + Level 20.9 Armour
 + Level 13.1 Dodging
 + Level 5.0 Stealth
 + Level 3.2 Shields
 + Level 4.0 Evocations


You had 12 spell levels left.
You didn't know any spells.
Your spell library was empty.

Dungeon Overview and Level Annotations

Branches:
Dungeon (1/1)

Altars:
Cheibriados
Dithmenos
Elyvilon
Fedhas
Gozag
Hepliaklqana
Kikubaaqudgha
Makhleb
Nemelex Xobeh
Okawaru
Qazlal
Ru
Sif Muna
Trog
Uskayaw
Vehumet
Wu Jian
Xom
Yredelemnul
Zin
The Shining One
Jiyva
Lugonu

Shops:
D [(*!?(****(?!![=[?([([

Annotations:
D Tiamat


Innate Abilities, Weirdness & Mutations

You have a pair of horns on your head.
You reflexively headbutt those who attack you in melee.
You have a beak for a mouth.
You have sharp toenails.
You are partially covered in iridescent scales. (AC +2)
You are very dopey. (Int -4)
You are frail. (-10% HP)
You have hidden genetic potential.


Message History

Your troll claws Tiamat but does no damage.
Your troll closely misses Tiamat.
Tiamat hits your troll with a +2 demon trident of venom!!
Your troll looks as sick as possible!
Tiamat tail-slaps your troll!!
Your troll dies!
Your troll's corpse disappears in a puff of smoke!
Tiamat roars!
You barely miss Tiamat. You headbutt Tiamat, but do no damage.
Tiamat is heavily wounded.
You feel very sick.
You hit Tiamat but do no damage. Your peck misses Tiamat.
Tiamat is heavily wounded.
You feel sick. Tiamat closely misses you. You furiously retaliate!
You headbutt Tiamat, but do no damage. Tiamat tail-slaps you!
You hit Tiamat. Your peck misses Tiamat.
Tiamat is heavily wounded.
You feel sick. Tiamat hits you but does no damage. Tiamat tail-slaps you!
You completely miss Tiamat. You headbutt Tiamat!! You peck Tiamat.
Tiamat is heavily wounded.
You are no longer berserk.
You are exhausted.
You feel yourself slow down.
You feel sick.
You hit Tiamat but do no damage.
Tiamat is heavily wounded.
You feel sick. Tiamat closely misses you. Tiamat tail-slaps you!!
You hit Tiamat but do no damage. You headbutt Tiamat, but do no damage.
Tiamat is heavily wounded.
You feel sick. Tiamat breathes frost at you. The blast of cold hits you!
You resist.
* * * LOW HITPOINT WARNING * * *
Unknown command.
You feel much better.
Your extra speed is starting to run out.
You feel sick.
Tiamat hits you with a +2 demon trident of venom!!!
* * * LOW HITPOINT WARNING * * *
Tiamat tail-slaps you!
You die...

'#.#)....§§§§§####........°#.#.+.
...#'''######§#..'......####)#^##
...#........#§#####...###....#.#≈
####.......#'.#..(#####...####.#≈
):(.)..§§§≈####.........###,,^.#≈
[)......§§≈##.[)....#####,,,,####
.......≈§≈###......##,,,,^,^,#..#
##..≈≈≈≈### #.....##,,^^,,,,,#...
#'######'####...@.#,^^,,,,,,,#...
∩########∩∩######d#****,,,,,,#...
∩∩∩∩∩∩∩∩∩∩###≈≈≈≈≈≈≈≈.*,,,,°°####
########### #####.####*,,,,°○°○°#
#..0..'.^,,,,,,,,#))+
#########********####


You could see Tiamat (catching breath).

Vanquished Creatures
  the Lernaean hydra (D)
  A golden dragon (D)
  A deep elf master archer (D)
  A shadow dragon (D)
  A daeva (D)
  4 fire giants (D)
  A deep elf annihilator (D)
  A lorocyproca (D)
  A mummy priest (D)
  A hydra (D)
  2 centaur warriors (D)
  Sonja (D)
  A deep troll (D)
  A lindwurm (D)
  2 oklob plants (D)
  6 shining eyes (D)
  2 merfolk sirens (D)
  2 gargoyles (D)
  7 unseen horrors (D)
  4 demonic crawlers (D)
  2 kobold demonologists (D)
  A hellwing (D)
  A meliai (D)
  4 hornets (D)
  A slime creature (D)
  Sigmund (D)
  A yak (D)
  13 hogs (D)
  2 redbacks (D)
  7 floating eyes (D)
  An ogre (D)
  7 necrophages (D)
  8 jellies (D)
  Ijyb (D)
91 creatures vanquished.

Vanquished Creatures (collateral kills)
  2 shining eyes (D)
2 creatures vanquished.

Vanquished Creatures (others)
  A hornet (D)
  2 ballistomycete spores (D)
3 creatures vanquished.

Grand Total: 96 creatures vanquished

Notes
Turn   | Place    | Note
-------+----------+-------------------------------------------
     0 | D        | mhtbhm the Minotaur Berserker began the quest for the Orb.
     0 | D        | Reached XP level 1. HP: 19/19 MP: 0/0
     1 | D        | Noticed Ijyb
    12 | D        | Killed Ijyb
    13 | D        | Reached skill level 5 in Fighting
    13 | D        | Reached skill level 5 in Polearms
    13 | D        | Reached XP level 2. HP: 22/30 MP: 1/1
   154 | D        | Noticed an ogre
   158 | D        | Killed an ogre
   159 | D        | Reached skill level 7 in Fighting
   159 | D        | Reached XP level 3. HP: 40/40 MP: 2/2
   159 | D        | Reached XP level 4. HP: 48/48 MP: 3/3
   241 | D        | Noticed Sigmund
   263 | D        | Killed Sigmund
   263 | D        | Reached ** piety under Trog
   264 | D        | Reached skill level 9 in Fighting
   264 | D        | Reached skill level 5 in Armour
   264 | D        | Reached skill level 5 in Dodging
   264 | D        | Reached XP level 5. HP: 48/58 MP: 4/4
   264 | D        | Reached XP level 6. HP: 55/66 MP: 5/5
   278 | D        | Found an ornate altar of the Wu Jian Council.
   278 | D        | Found a shimmering blue altar of Sif Muna.
   280 | D        | Found a radiant altar of Vehumet.
   284 | D        | Reached skill level 10 in Fighting
   284 | D        | Reached skill level 10 in Polearms
   319 | D        | Found Becaschoq's Distillery.
   319 | D        | Found an ancient bone altar of Kikubaaqudgha.
   319 | D        | Found a hazy altar of Hepliaklqana.
   319 | D        | Found a stormy altar of Qazlal.
   319 | D        | Found a hide-covered altar of Uskayaw.
   319 | D        | Found a blossoming altar of Fedhas.
   319 | D        | Found a bloodstained altar of Trog.
   319 | D        | Found an iron altar of Okawaru.
   319 | D        | Found a basalt altar of Yredelemnul.
   319 | D        | Found a glowing golden altar of the Shining One.
   319 | D        | Found a snail-covered altar of Cheibriados.
   319 | D        | Found a sacrificial altar of Ru.
   319 | D        | Found a glowing silver altar of Zin.
   319 | D        | Found a shadowy altar of Dithmenos.
   319 | D        | Found a white marble altar of Elyvilon.
   319 | D        | Noticed a yak
   324 | D        | Killed a yak
   325 | D        | Reached skill level 11 in Fighting
   325 | D        | Found an opulent altar of Gozag.
   326 | D        | Found a sparkling altar of Nemelex Xobeh.
   397 | D        | Found a burning altar of Makhleb.
   397 | D        | Found a viscous altar of Jiyva.
   397 | D        | Found a shimmering altar of Xom.
   397 | D        | Found a corrupted altar of Lugonu.
   397 | D        | Noticed a slime creature
   414 | D        | Killed a slime creature
   414 | D        | Reached *** piety under Trog
   415 | D        | Reached XP level 7. HP: 62/75 MP: 6/6
   483 | D        | Noticed a kobold demonologist
   483 | D        | Noticed a kobold demonologist
   484 | D        | Paralysed by a floating eye for 2 turns
   489 | D        | Reached skill level 12 in Fighting
   489 | D        | Noticed a smoke demon
   495 | D        | Killed a kobold demonologist
   497 | D        | Killed a kobold demonologist
   497 | D        | Reached **** piety under Trog
   498 | D        | Reached skill level 13 in Fighting
   498 | D        | Reached XP level 8. HP: 86/86 MP: 7/7
   546 | D        | Noticed Sonja
   551 | D        | Killed Sonja
   552 | D        | Reached skill level 14 in Fighting
   552 | D        | Reached skill level 1 in Stealth
   569 | D        | Found Bentanion's Armour Boutique.
   627 | D        | Noticed a deep troll
   643 | D        | Killed a deep troll
   644 | D        | Reached skill level 15 in Fighting
   644 | D        | Reached skill level 15 in Polearms
   644 | D        | Reached skill level 10 in Armour
   644 | D        | Reached XP level 9. HP: 31/97 MP: 8/8
   653 | D        | Found Tiesk's Armour Emporium.
   900 | D        | Noticed a centaur warrior
   900 | D        | Noticed a centaur warrior
   909 | D        | Killed a centaur warrior
   909 | D        | Reached ***** piety under Trog
   917 | D        | Killed a centaur warrior
   918 | D        | Reached skill level 16 in Fighting
  1225 | D        | Noticed an oklob plant
  1237 | D        | Killed an oklob plant
  1238 | D        | Reached XP level 10. HP: 81/108 MP: 9/9
  1252 | D        | Received a gift from Trog
  1594 | D        | Reached skill level 17 in Fighting
  1594 | D        | Reached skill level 10 in Dodging
  1727 | D        | Identified the +7 quarterstaff of Reason {flame, +Blink
                  | rPois rF++ Will-} (Trog gifted it to you in the Dungeon)
  1727 | D        | Received a gift from Trog
  1799 | D        | Reached ****** piety under Trog
  1804 | D        | Identified the +4 trident "Goblinbane" {flame, Dex+3} (Trog
                  | gifted it to you in the Dungeon)
  1804 | D        | Received a gift from Trog
  1847 | D        | Found Xyamimenui's General Store.
  1847 | D        | Found Liyt Jun's General Store.
  1847 | D        | Found Achiet's Assorted Antiques.
  1849 | D        | Found Ujunn's General Store.
  1849 | D        | Found Piw Noekuph's Antique Weapon Shop.
  1849 | D        | Found Modinaq's Magic Scroll Shoppe.
  1849 | D        | Found Qoroc's Distillery.
  1849 | D        | Found Isto's Distillery.
  1849 | D        | Found Fevvutob's Armour Shop.
  1849 | D        | Found Nakun's Jewellery Shoppe.
  1867 | D        | Found Kala's Armour Boutique.
  1868 | D        | Found Cist's Antique Weapon Emporium.
  1868 | D        | Found Iticritz's Magic Scroll Boutique.
  1869 | D        | Found Gioduga's Antique Weapon Emporium.
  1882 | D        | Bought a scroll of blinking for 97 gold pieces
  1885 | D        | Bought a diamond ring for 155 gold pieces
  1896 | D        | Bought a scroll of identify for 22 gold pieces
  1913 | D        | Bought a potion of resistance for 100 gold pieces
  2009 | D        | Noticed a lindwurm
  2013 | D        | Killed a lindwurm
  2175 | D        | Reached skill level 1 in Evocations
  2181 | D        | Received a gift from Trog
  2182 | D        | Reached skill level 18 in Fighting
  2204 | D        | Received a gift from Trog
  2205 | D        | Reached XP level 11. HP: 93/121 MP: 10/10
  2302 | D        | Noticed a 12-headed hydra
  2305 | D        | Killed a 12-headed hydra
  2422 | D        | Reached skill level 1 in Throwing
  2432 | D        | Reached skill level 15 in Armour
  2433 | D        | Reached skill level 19 in Fighting
  2713 | D        | Bought a +2 scale mail of fire resistance for 252 gold
                  | pieces
  2827 | D        | Noticed a shadow dragon
  2827 | D        | Noticed a golden dragon
  2846 | D        | Killed a golden dragon
  2846 | D        | Received a gift from Trog
  2849 | D        | Killed a shadow dragon
  2850 | D        | Reached skill level 20 in Fighting
  2985 | D        | Found Qotaak's Antique Armour Shoppe.
  3009 | D        | Bought a runed buckler for 172 gold pieces
  3020 | D        | Bought a pair of glowing boots for 172 gold pieces
  3100 | D        | Noticed a daeva
  3532 | D        | Killed a daeva
  3532 | D        | Received a gift from Trog
  3621 | D        | Noticed a fire giant
  3635 | D        | Killed a fire giant
  3636 | D        | Reached skill level 21 in Fighting
  3636 | D        | Reached XP level 12. HP: 93/136 MP: 11/11
  3715 | D        | Noticed a fire giant
  3725 | D        | Killed a fire giant
  3772 | D        | Noticed a fire giant
  3777 | D        | Killed a fire giant
  3833 | D        | Noticed a fire giant
  3842 | D        | Killed a fire giant
  4200 | D        | Noticed a deep elf annihilator
  4213 | D        | Received a gift from Trog
  4214 | D        | Reached skill level 22 in Fighting
  4341 | D        | Killed a deep elf annihilator
  4368 | D        | Received a gift from Trog
  4369 | D        | Reached skill level 5 in Stealth
  4517 | D        | Noticed a mummy priest
  4532 | D        | Killed a mummy priest
  4533 | D        | Reached skill level 1 in Shields
  4705 | D        | Noticed the 27-headed Lernaean hydra
  4716 | D        | Killed the 27-headed Lernaean hydra
  4717 | D        | Reached skill level 23 in Fighting
  4879 | D        | Noticed a deep elf master archer
  4887 | D        | Killed a deep elf master archer
  4894 | D        | Found the +8 lance "Wyrmbane" {slay drac, rPois rF+ rC+
                  | AC+3}
  4898 | D        | Identified the +1 pair of boots "Ziemn" {rElec rN+ Str-5}
  4982 | D        | Identified the +2 lajatang of the Final Decision {speed,
                  | rPois rN+ Will-}
  5178 | D        | Killed a lorocyproca
  5178 | D        | Received a gift from Trog
  5619 | D        | Bought a scroll of magic mapping for 49 gold pieces
  5621 | D        | Bought a scroll of identify for 62 gold pieces
  5621 | D        | Bought a potion of heal wounds for 155 gold pieces
  5621 | D        | Bought a potion of heal wounds for 155 gold pieces
  5621 | D        | Bought a scroll labelled OMUYLE WEXEOKK for 31 gold pieces
  5621 | D        | Bought a potion of heal wounds for 155 gold pieces
  5622 | D        | Bought a potion of haste for 100 gold pieces
  5624 | D        | Bought a scroll of enchant weapon for 97 gold pieces
  5624 | D        | Bought a scroll of identify for 26 gold pieces
  5625 | D        | Bought a potion of might for 44 gold pieces
  5625 | D        | Bought a potion of mutation for 88 gold pieces
  5626 | D        | Bought a potion of heal wounds for 50 gold pieces
  5626 | D        | Bought a potion of might for 40 gold pieces
  5626 | D        | Bought a potion of curing for 30 gold pieces
  5626 | D        | Bought a potion of resistance for 100 gold pieces
  5626 | D        | Bought a potion of mutation for 80 gold pieces
  5690 | D        | Gained mutation: Your magical capacity is low. (-10% MP) [a
                  | shining eye]
  5692 | D        | Gained mutation: You are partially covered in iridescent
                  | scales. (AC +2) [a shining eye]
  5693 | D        | Paralysed by a floating eye for 4 turns
  5696 | D        | Gained mutation: You are dopey. (Int -2) [a shining eye]
  5696 | D        | Gained mutation: You tend to lose your temper in combat. [a
                  | shining eye]
  5699 | D        | Received a gift from Trog
  5699 | D        | Gained mutation: Your body sometimes deteriorates upon
                  | taking damage. [a shining eye]
  5700 | D        | Reached XP level 13. HP: 130/149 MP: 10/10
  5700 | D        | Lost intelligence.
  5700 | D        | Gained mutation: You are very dopey. (Int -4) [a shining
                  | eye]
  5703 | D        | Gained mutation: You are clumsy. (Dex -2) [a shining eye]
  5704 | D        | Gained mutation: You have sharp toenails. [a shining eye]
  5846 | D        | Lost mutation: You are partially covered in iridescent
                  | scales. (AC +2) [potion of mutation]
  5846 | D        | Lost mutation: Your body sometimes deteriorates upon taking
                  | damage. [potion of mutation]
  5846 | D        | Lost mutation: You are clumsy. (Dex -2) [potion of
                  | mutation]
  5846 | D        | Gained mutation: You are partially covered in iridescent
                  | scales. (AC +2) [potion of mutation]
  5846 | D        | Gained mutation: You have a beak for a mouth. [potion of
                  | mutation]
  5947 | D        | Lost mutation: You tend to lose your temper in combat.
                  | [potion of mutation]
  5947 | D        | Lost mutation: Your magical capacity is low. (-10% MP)
                  | [potion of mutation]
  5947 | D        | Gained mutation: You have hidden genetic potential. [potion
                  | of mutation]
  5947 | D        | Gained mutation: You are frail. (-10% HP) [potion of
                  | mutation]
  5967 | D        | Found Keqexigh's Weapon Shoppe.
  5967 | D        | Found Myzxusaf's Magic Scroll Shop.
  5967 | D        | Found Hijecyna's Assorted Antiques.
  5967 | D        | Found Syjughiup's Weapon Boutique.
  5975 | D        | Bought a steel ring for 105 gold pieces
  5975 | D        | Bought a shiny bone ring for 105 gold pieces
  5975 | D        | Bought a scroll labelled LAFOBOPNIE for 21 gold pieces
  5975 | D        | Bought a scroll of identify for 42 gold pieces
  5975 | D        | Bought a scroll labelled FISUR RYUM for 21 gold pieces
  5984 | D        | Bought a scroll of acquirement for 728 gold pieces
  5984 | D        | Bought a scroll of enchant armour for 105 gold pieces
  5984 | D        | Bought a scroll of blinking for 105 gold pieces
  5984 | D        | Bought a scroll of holy word for 105 gold pieces
  6002 | D        | Bought a scroll of identify for 28 gold pieces
  6199 | D        | Found the +4 dragonskin cloak
  6199 | D        | Noticed Tiamat
  6222 | D        | HP: 4/135 [Tiamat/+2 demon trident of venom (45)]
  6222 | D        | Mangled by Tiamat

Illustrated notes

Levels and vault maps discovered:
D:        dungeon_sprint_1 [red_sonja_temple_1, red_sonja_temple_small_1]

Skill      XL: |  1  2  3  4  5  6  7  8  9 10 11 12 13 |
---------------+----------------------------------------+-----
Fighting       | 5 7 9 11 13 15 16 18 21 23 | 23.9
Polearms       | 5 7 9 12 13 15 16 18 19 21 | 21.2
Armour         | 3 4 5 7 8 10 11 14 17 20 | 20.9
Dodging        | 3 5 6 7 8 9 11 12 13 | 13.1
Stealth        | 1 2 4 5 |  5.0
Evocations     | 1 2 3 4 |  4.0
Throwing       | 1 |  1.1
Shields        | 2 3 |  3.2

Action                   |  1- 3 |  4- 6 |  7- 9 | 10-12 | 13-15 || total
-------------------------+-------+-------+-------+-------+-------++-------
Melee: Spear             |    12 |    45 |    58 |    74 |       ||   189
       Headbutt          |     1 |     8 |    15 |    67 |     4 ||    95
       Punch             |       |       |     1 |     3 |       ||     4
       Trident           |       |       |       |   216 |    22 ||   238
       Peck              |       |       |       |       |     1 ||     1
Throw: Dart              |       |       |     1 |       |       ||     1
Invok: Berserk           |     2 |       |     2 |     8 |     1 ||    13
       Brothers in Arms  |       |       |       |     2 |     3 ||     5
Evoke: Wand              |       |       |     1 |     5 |     1 ||     7
       Tin of tremorston |       |       |       |     2 |       ||     2
  Use: Scroll            |       |       |       |     7 |       ||     7
       Potion            |       |       |       |       |     5 ||     5
 Stab: Paralysed         |       |       |     2 |       |       ||     2
Armor: Scale mail        |       |     6 |    12 |    54 |       ||    72
       Gold dragon scale |       |       |       |    59 |     2 ||    61
Dodge: Dodged            |     5 |     9 |    15 |    82 |     5 ||   116
Block: Buckler           |       |       |       |    12 |       ||    12

Table legend: (Time is in decaauts)
 A = Elapsed time spent in this place.
 B = Non-inter-level travel time spent in this place.
 C = Inter-level travel time spent in this place.
 D = Time resting spent in this place.
 E = Time spent auto-exploring this place.
 F = Levels seen in this place.
 G = Mean time per level.
                   A        B        C        D        E       F      G
               +--------+--------+--------+--------+--------+-----+--------+
         Total |   6414 |   6348 |     66 |   4111 |      1 |   1 | 6414.0 |
       Dungeon |   6414 |   6348 |     66 |   4111 |      1 |   1 | 6414.0 |
               +--------+--------+--------+--------+--------+-----+--------+

Top non-repeatable levels by time:
       D: 6414 daAuts
